 Dungeon Crawl Stone Soup version 0.17.0-15-g6d90897 (console) character file.

66 gw the Cudgeler (level 3, -3/29 HPs)
             Began as a Demonspawn Chaos Knight on Nov 11, 2015.
             Slain by a gnoll
             ... wielding a +0 halberd
              (7 damage)
             ... on level 2 of the Dungeon.
             The game lasted 00:01:50 (2170 turns).

gw the Cudgeler (Demonspawn Chaos Knight)           Turns: 2170, Time: 00:01:51

Health: -3/29      AC:  9    Str: 10    XL:     3   Next: 96%
Magic:  3/3        EV:  1    Int: 11    God:    Xom [...*..]
Gold:   119        SH:  0    Dex: 11    Spells: 0 memorised, 2 levels left

rFire  . . .     SeeInvis .     a - +0 mace (chaos)
rCold  . . .     Clarity  .     f - +0 plate armour (curse)
rNeg   . . .     SustAt   .     (no shield)
rPois  .         Gourm    .     (no helmet)
rElec  .         Spirit   .     b - +0 cloak
rCorr  .         Warding  .     (no gloves)
rMut   .         Stasis   .     e - +1 pair of boots
MR     .....                    (no amulet)
Stlth  ..........               (no ring)
                                (no ring)

@: not resistant to hostile enchantments, extremely unstealthy
A: clumsy 1, deformed body, dopey 1, nightstalker 1, powered by death 1, weak 1
a: Renounce Religion


You were on level 2 of the Dungeon.
You worshipped Xom.
You were a favourite toy of Xom.
You were not hungry.

You visited 1 branch of the dungeon, and saw 2 of its levels.

You collected 119 gold pieces.

Inventory:

Hand Weapons
 a - a +0 mace of chaos (weapon)
Missiles
 d - 2 stones (quivered)
Armour
 b - a +0 cloak (worn)
 e - a +1 pair of boots (worn)
 f - a cursed +0 plate armour (worn)
Comestibles
 c - a bread ration


   Skills:
 + Level 3.3 Fighting
 * Level 3.5 Maces & Flails
 + Level 1.2 Throwing
 + Level 2.3 Armour
 - Level 0.8 Dodging


You had 2 spell levels left.
You didn't know any spells.

Dungeon Overview and Level Annotations

Branches:
Dungeon (2/15)

Altars:
Nemelex Xobeh
Ru


Innate Abilities, Weirdness & Mutations

You are slightly more attuned to the shadows.
You regenerate a little health from kills.
You are clumsy. (Dex -2)
Armour fits poorly on your strangely shaped body.
You are dopey. (Int -2)
You are weak. (Str -2)


Message History

Unknown command.
Unknown command.
MOVING TO (-1,0)
The gnoll hits you but does no damage.
Unknown command.
Unknown command.
Unknown command.
ATTACK MOVE TO (1,0)
The gnoll hits your butterfly with a halberd.
Your butterfly dies!
Unknown command.
Unknown command.
Unknown command.
Unknown command.
ATTACK MOVE TO (1,1)
You hit the gnoll. You burn the gnoll.
The gnoll is heavily wounded.
You hear Xom's avuncular chuckle.
The gnoll seems to grow stronger.
The gnoll hits you with a halberd!
You die...

# #.
#..#######'######
#...b6...b......
#.####g#####...
#.....g..##...
####.###.##..#
#.# #.##..# #.#
#.##(.#### #.#
#..(...(((. #.#
####..##### #.#
#..#


You could see 2 gnolls.

Table legend:
 A = Turns spent in this place as a percentage of turns spent in the entire game.
 B = Non-inter-level travel turns spent in this place as a percentage of non-inter-level travel turns spent in the entire game.
 C = Inter-level travel turns spent in this place as a percentage of turns spent in this place.
 D = Turns resting spent in this place as a percentage of non-inter-level travel turns spent in this place.
 E = Turns spent auto-exploring this place as a percentage of non-inter-level travel turns spent in this place.
 F = Non-inter-level travel turns spent in this place divided by the number of levels of this place that you've seen.
                   A       B       C       D       E      F
               +-------+-------+-------+-------+-------+----------------------
         Total | 100.0 | 100.0 |   0.6 |   1.1 |   2.5 | 1352.5
       Dungeon | 100.0 | 100.0 |   0.6 |   1.1 |   2.5 | 1352.5
               +-------+-------+-------+-------+-------+----------------------

Table legend:
 A = Kills in this place as a percentage of kills in entire the game.
 B = Kills by you in this place as a percentage of kills by you in the entire game.
 C = Kills by friends in this place as a percentage of kills by friends in the entire game.
 D = Other kills in this place as a percentage of other kills in the entire game.
 E = Experience gained in this place as a percentage of experience gained in the entire game.
 F = Experience gained in this place divided by the number of levels of this place that you have seen.
                   A       B       C       D       E      F
               +-------+-------+-------+-------+-------+----------------------
         Total | 100.0 | 100.0 |  -nan |  -nan | 100.0 |  47.5
       Dungeon | 100.0 | 100.0 |  -nan |  -nan | 100.0 |  47.5
               +-------+-------+-------+-------+-------+----------------------

Vanquished Creatures
  2 adders (D:2)
  2 oozes (D:1)
  A giant gecko (D:1)
  2 bats
  3 giant cockroaches
  6 goblins (D:1)
  2 hobgoblins (D:1)
  2 quokkas (D:2)
  2 giant newts
  10 kobolds
  5 rats
37 creatures vanquished.

Notes
Turn   | Place    | Note
--------------------------------------------------------------
     0 | D:1      | gw the Demonspawn Chaos Knight began the quest for the Orb.
     0 | D:1      | Reached XP level 1. HP: 18/18 MP: 1/1
   350 | D:1      | XOM: potion effect (haste)
   442 | D:1      | XOM: harmless Summ miscast
   450 | D:1      | Gained mutation: You are slightly more attuned to the shadows. [demonic ancestry]
   450 | D:1      | Reached XP level 2. HP: 24/24 MP: 2/2
   620 | D:1      | Reached skill level 1 in Throwing
   620 | D:1      | XOM: give mutations
   620 | D:1      | Gained mutation: You are dopey. (Int -2) [Xom's mischief]
   620 | D:1      | Gained mutation: You are clumsy. (Dex -2) [Xom's mischief]
   620 | D:1      | Gained mutation: You are weak. (Str -2) [Xom's mischief]
   620 | D:1      | Gained mutation: Armour fits poorly on your strangely shaped body. [Xom's mischief]
   865 | D:1      | XOM: colour smoke trail
  1084 | D:1      | Gained mutation: You regenerate a little health from kills. [demonic ancestry]
  1084 | D:1      | Reached XP level 3. HP: 29/29 MP: 3/3
  1327 | D:1      | XOM: harmless Tloc miscast
  1669 | D:2      | XOM: noise
  1837 | D:2      | XOM: noise
  2081 | D:2      | Found a sparkling altar of Nemelex Xobeh.
  2082 | D:2      | Found a sacrificial altar of Ru.
  2166 | D:2      | XOM: butterfly on damage
  2170 | D:2      | XOM: enchant monster (bad)
  2170 | D:2      | Slain by a gnoll

Action                   || total
-------------------------++-------
Melee: Mace              ||   134
Throw: Stone             ||    70
 Stab: Paralysed         ||     1
       Sleeping          ||     1
       Petrifying        ||     1
       Petrified         ||     1
  Eat: Chunk             ||     4

Vault maps used:
D:1:      roderic_crop_circles_arrival_small, hangedman_glass_teeth
D:2:      nicolae_overflow_hidden_temple, minivault_24, minmay_door_square
